 Dungeon Crawl Stone Soup version 0.32-a0-814-g0968bab981 (webtiles) character file.

Game seed: 17772616540756837520

17 Elsrick the Trooper (level 2, -2/25 HPs)
             Began as a Mountain Dwarf Wanderer on Mar 23, 2024.
             Slain by a gnoll
             ... wielding a +0 spear
              (4 damage)
             ... on level 1 of the Dungeon.
             The game lasted 00:02:14 (544 turns).

Elsrick the Trooper (Mountain Dwarf Wanderer)        Turns: 544, Time: 00:02:14

Health: -2/25      AC:  3    Str: 12    XL:     2   Next: 44%
Magic:  1/3        EV: 10    Int: 13    God:
Gold:   55         SH:  0    Dex: 10    Spells: 2/3 levels left

rFire   . . .        a - +0 club
rCold   . . .        (no shield)
rNeg    . . .        c - +0 robe
rPois   .            d - +0 helmet
rElec   .            (no cloak)
rCorr   .            (no gloves)
SInv    .            (no boots)
Will    .....        (no amulet)
Stlth   +            (no ring)
HPRegen 0.24/turn    (no ring)
MPRegen 0.08/turn

%: no passive effects
@: no status effects
A: runic magic, artefact enchanting
a: no special abilities


You were on level 1 of the Dungeon.
You visited 1 branch of the dungeon, and saw 1 of its levels.

You collected 55 gold pieces.

Inventory:

Hand Weapons
 a - a +0 club (weapon)
Armour
 c - a +0 robe (worn)
 d - a +0 helmet (worn)
Scrolls
 b - a scroll of blinking
 h - a scroll of revelation {unknown}
 i - a scroll of amnesia {unknown}
 j - a scroll of identify {unknown}
Potions
 e - a potion of might {unknown}
 f - a potion of degeneration {unknown}
 g - a potion of magic {unknown}


   Skills:
 + Level 2.4 Fighting
 + Level 0.5 Maces & Flails
 + Level 1.1 Armour
 + Level 1.2 Dodging
 + Level 1.0 Stealth
 + Level 1.1 Spellcasting
 + Level 1.9 Conjurations
 + Level 2.2 Hexes


You had 2 spell levels left.
You knew the following spells:

 Your Spells              Type           Power      Damage    Failure   Level
a - Magic Dart            Conj           20%        1d4       12%         1

Your spell library contained the following spells:

 Spells                   Type           Power      Damage    Failure   Level
 Jinxbite                 Hex            12%        N/A       17%         2
 Ensorcelled Hibernation  Hex/Ice        6%         N/A       26%         2
 Dazzling Flash           Conj/Hex       12%        N/A       34%         3
 Stone Arrow              Conj/Erth      6%         3d7       50%         3


Dungeon Overview and Level Annotations

Branches:
Dungeon (1/15)

Altars:


Innate Abilities, Weirdness & Mutations

Your spellcasting is much less encumbered by armour.
You can use scrolls of enchantment on lesser artefacts.


Message History

Aim: a kobold, wielding a +2 dagger of venom and quivering stones (100% to hit)
The magic dart hits the kobold but does no damage.
The kobold throws a stone.
The stone hits you but does no damage.
The kobold throws a stone.
The stone barely misses you.
You see here 13 gold pieces.
A gnoll comes into view. It is wielding a +0 spear.
You hit the kobold.
You kill the kobold!
A giant cockroach comes into view.
The gnoll hits you from afar with a +0 spear!
The gnoll completely misses you. The dart slug bites you.
Your magical contamination has completely faded away.
Things that are here:
a +2 dagger of venom; 7 stones; a kobold corpse You completely miss the gnoll.
The gnoll hits you with a +0 spear.
The giant cockroach bites you but does no damage.
The dart slug barely misses you. The gnoll hits you with a +0 spear.
You are too injured to fight recklessly!
You are too injured to fight recklessly!
You are too injured to fight recklessly!
You are too injured to fight recklessly!
You are too injured to fight recklessly!
You closely miss the gnoll. The giant cockroach misses you.
The gnoll hits you with a +0 spear!
* * * LOW HITPOINT WARNING * * *
The dart slug launches a dart at you. The slug dart hits you.
* * * LOW HITPOINT WARNING * * *
You hit the gnoll but do no damage. The giant cockroach barely misses you.
The gnoll barely misses you.
The giant cockroach completely misses you.
The dart slug bites you but does no damage.
You hit the gnoll.
The gnoll is lightly wounded.
The giant cockroach barely misses you. The gnoll hits you with a +0 spear.
* * * LOW HITPOINT WARNING * * *
You closely miss the gnoll.
The gnoll is lightly wounded.
The giant cockroach closely misses you. The gnoll hits you with a +0 spear.
You die...

#.................#
##.######......[...#
##..### #..........#
......# #..........#
......# #..........#
......# #######$...#
......# ######....#
......# #.........#
......# #.####@...#
.###.## #..gwB$.# .#
#.# #...##†#..#
####.# #... .##..#
.....# #.# # ..#
###### # ..# #### ##
...# ##.#


You could see a gnoll, a dart slug and a giant cockroach.

Vanquished Creatures
  A dart slug (D:1)
  An endoplasm (D:1)
  A goblin (D:1)
  4 jackals (D:1)
  A quokka (D:1)
  A frilled lizard (D:1)
  4 kobolds (D:1)
  A rat (D:1)
14 creatures vanquished.

Notes
Turn   | Place    | Note
-------+----------+-------------------------------------------
     0 | D:1      | Elsrick the Mountain Dwarf Wanderer began the quest for the
                  | Orb.
     0 | D:1      | Elsrick set off with the following items: a +0 club, a
                  | scroll of blinking, a +0 robe, a +0 helmet; and the
                  | following spell memorised: Magic Dart; and the following
                  | spells available to memorise: Jinxbite, Ensorcelled
                  | Hibernation, Dazzling Flash, Stone Arrow.
     0 | D:1      | Reached XP level 1. HP: 17/17 MP: 2/2
   281 | D:1      | Reached XP level 2. HP: 22/24 MP: 0/3
   543 | D:1      | HP: 1/25 [gnoll/+0 spear (2)]
   544 | D:1      | Slain by a gnoll

Illustrated notes

Levels and vault maps discovered:
D:1:      saegor_arrival_simple_e, layout_basic, shapermc_ecumenical_altar_venn,
          minmay_tromino_v7

Action                     || total
---------------------------++-------
  Melee: Club              ||    83
   Cast: Magic Dart        ||    14
 Armour: Robe              ||    69
  Dodge: Dodged            ||    59

Table legend: (Time is in decaauts)
 A = Elapsed time spent in this place.
 B = Non-inter-level travel time spent in this place.
 C = Inter-level travel time spent in this place.
 D = Time resting spent in this place.
 E = Time spent auto-exploring this place.
 F = Levels seen in this place.
 G = Mean time per level.
                   A        B        C        D        E       F      G
               +--------+--------+--------+--------+--------+-----+--------+
         Total |    567 |    567 |      0 |    137 |    235 |   1 |  567.0 |
       Dungeon |    567 |    567 |      0 |    137 |    235 |   1 |  567.0 |
               +--------+--------+--------+--------+--------+-----+--------+

Top non-repeatable levels by time:
     D:1: 567 daAuts
